 Dungeon Crawl Stone Soup version 0.24.0-29-g8ce449bc06 (webtiles) character file.

Game seed: 1977491414862880118, levelgen mode: deterministic

6892 Flugslaktarn the Cleaver (level 10, -1/90 HPs)
             Began as a Minotaur Fighter on Nov 14, 2019.
             Was a Priest of Makhleb.
             Killed from afar by a molten gargoyle (25 damage)
             ... with a bolt of magma
             ... in a volcano.
             The game lasted 00:06:26 (9398 turns).

Flugslaktarn the Cleaver (Minotaur Fighter)         Turns: 9398, Time: 00:06:26

Health: -1/90      AC: 13    Str: 24    XL:     10   Next: 79%
Magic:  13/13      EV: 11    Int:  5    God:    Makhleb [***...]
Gold:   499        SH: 11    Dex: 10    Spells: 9/9 levels left

rFire    + . .     SeeInvis .   L - +4 war axe (flame)
rCold    . . .     Gourm    .   c - +0 shield
rNeg     . . .     Faith    +   N - +0 chain mail
rPois    .         Spirit   .   (helmet restricted)
rElec    .         Reflect  .   (no cloak)
rCorr    .         Harm     .   M - +1 pair of gloves {archery}
MR       .....                  (no boots)
Stlth    ..........             P - amulet of faith
HPRegen  0.25/turn              v - +4 ring of evasion
MPRegen  0.13/turn              f - ring of protection from fire

@: very slightly contaminated
A: retaliatory headbutt, horns 2
a: Minor Destruction, Lesser Servant of Makhleb, Renounce Religion


You were in a volcano.
You worshipped Makhleb.
Makhleb was most pleased with you.
You were not hungry.

You visited 3 branches of the dungeon, and saw 10 of its levels.
You also visited: Volcano.

You collected 499 gold pieces.

Inventory:

Hand Weapons
 L - a +4 war axe of flaming (weapon)
   (You took it off an orc on level 7 of the Dungeon)
Missiles
 p - a throwing net (quivered)
Armour
 c - a +0 shield (worn)
 M - a +1 pair of gloves of archery (worn)
   (You found it on level 8 of the Dungeon)
 N - a +0 chain mail (worn)
   (You found it on level 8 of the Dungeon)
Jewellery
 b - the ring "Mougaemi" {rN+ Dex+4 SInv Stlth-}
   (You found it on level 8 of the Dungeon)

   [ring of attention]

   It affects your dexterity (+4).
   It protects you from negative energy.
   It lets you see invisible.
   It makes you less stealthy.
 f - a ring of protection from fire (right hand)
   (You found it on level 2 of the Dungeon)
 k - an uncursed ring of resist corrosion
   (You found it on level 2 of the Dungeon)
 v - a +4 ring of evasion (left hand)
   (You found it on level 7 of the Dungeon)
 H - the ring "Nacowio" {MR+ Int+6}
   (You found it on level 6 of the Dungeon)

   [ring of protection from magic]

   It affects your intelligence (+6).
   It affects your resistance to hostile enchantments.
 P - an amulet of faith (around neck)
   (You found it on level 8 of the Dungeon)
Wands
 a - a wand of enslavement (9)
   (You found it on level 8 of the Dungeon)
 y - a wand of iceblast (4)
   (You found it on level 3 of the Dungeon)
 C - a wand of clouds (4)
   (You found it on level 5 of the Dungeon)
Scrolls
 h - a scroll of magic mapping
 i - 2 scrolls of remove curse
 o - 4 scrolls of fear
 t - 6 scrolls of teleportation
 u - a scroll of enchant armour {unknown}
 K - 2 scrolls of enchant weapon
Potions
 d - 2 potions of might
 l - 2 potions of lignification
 n - a potion of resistance
 q - a potion of curing
 A - a potion of invisibility
 B - a potion of brilliance
 E - a potion of agility {unknown}
 I - a potion of cancellation
 O - a potion of flight {unknown}
 Q - 2 potions of magic
Comestibles
 e - 11 rations
 g - a chunk of flesh


   Skills:
 + Level 8.6 Fighting
 * Level 11.1 Axes
 + Level 8.6 Armour
 + Level 8.7 Shields
 + Level 5.5 Invocations
 - Level 5.0 Evocations


You had 9 spell levels left.
You didn't know any spells.
Your spell library was empty.

Dungeon Overview and Level Annotations

Branches:
Dungeon (8/15)             Temple (1/1) D:4            Lair (1/6) D:8
Volcano (1/1)

Altars:
Ashenzari
Dithmenos
Elyvilon
Fedhas
Hepliaklqana
Kikubaaqudgha
Makhleb
Nemelex Xobeh
Okawaru
Qazlal
Ru
Sif Muna
Trog
Uskayaw
Vehumet
Wu Jian
Xom
Yredelemnul
Zin
The Shining One

Annotations:
D:8 exclusion: oklob plant


Innate Abilities, Weirdness & Mutations

You reflexively headbutt those who attack you in melee.
You have a pair of horns on your head.


Message History

Your Evocations skill increases to level 5!
The iceblast engulfs the fire elemental!!
The fire elemental is frozen!
You destroy the fire elemental!
Makhleb accepts your kill.
You feel better.
Unknown command.
Unknown command.
You start resting.
A molten gargoyle comes into view. It is wielding a +0 flail.
Evoke which item? (* to show all) (? for menu, Esc to quit)
Aiming: Iceblast
Press: ? - help, Shift-Dir - straight line, f - molten gargoyle
Aim: a molten gargoyle, wielding a +0 flail The mass of ice explodes!
The iceblast engulfs the molten gargoyle.
The molten gargoyle is lightly damaged.
The molten gargoyle blasts magma at you!
The bolt of magma hits you!! You partially resist.
You die...

#########
##☼☼≈≈≈≈☼##
#≈☼.≈≈≈☼☼≈#
###.........###
#....∩...∩....#
#....9.@...###
###..###).##
##+###'##
#≈≈..##
#○≈≈.☼##
##○≈≈≈☼☼#
#○≈≈≈...#
##≈≈..###
##≈.##


You could see a molten gargoyle.

Vanquished Creatures
  Erica (D:8)
  An elephant (D:8)
  An efreet (Volcano)
  2 komodo dragons (Lair:1)
  A hippogriff (Lair:1)
  4 yaks
  A hungry ghost (D:8)
  4 fire elementals (Volcano)
  2 basilisks
  A water moccasin (D:8)
  A porcupine (Lair:1)
  An orc warrior (D:8)
  A black bear (D:5)
  2 hell hounds (Lair:1)
  An ice beast (D:5)
  A sky beast (D:7)
  2 ogres (D:5)
  3 crocodiles
  A phantom (D:7)
  5 centaurs
  5 bullfrogs
  4 scorpions
  A howler monkey (D:5)
  3 crimson imps
  A hound (D:6)
  A jelly (D:6)
  3 orc priests
  A gnoll shaman (D:4)
  12 orc wizards
  A centaur skeleton (D:5)
  An iguana (D:5)
  11 worker ants
  A hound zombie (D:7)
  A hound skeleton (D:8)
  A worker ant zombie (D:5)
  8 gnolls
  A howler monkey skeleton (D:5)
  8 adders
  A shadow imp (D:7)
  3 oozes
  2 adder skeletons
  2 worms
  3 dart slugs
  6 leopard geckos
  40 orcs
  7 bats
  A giant cockroach (D:4)
  5 goblins
  8 hobgoblins
  16 jackals
  4 kobolds
  A quokka (D:6)
  4 ball pythons
  4 frilled lizards
  A leopard gecko skeleton (D:5)
  8 rats
  A fire vortex (Volcano)
217 creatures vanquished.

Notes
Turn   | Place    | Note
-------+----------+-------------------------------------------
     0 | D:1      | Flugslaktarn the Minotaur Fighter began the quest for the
                  | Orb.
     0 | D:1      | Reached XP level 1. HP: 19/19 MP: 0/0
    21 | D:1      | Reached XP level 2. HP: 27/27 MP: 1/1
    65 | D:1      | Reached skill level 3 in Axes
   607 | D:2      | Reached XP level 3. HP: 33/33 MP: 2/2
   956 | D:2      | Reached XP level 4. HP: 40/40 MP: 3/3
  1042 | D:2      | Reached skill level 4 in Axes
  1254 | D:2      | Found a blossoming altar of Fedhas.
  1264 | D:2      | Found a hazy altar of Hepliaklqana.
  1856 | D:3      | Found a shimmering blue altar of Sif Muna.
  1859 | D:3      | Found a shimmering altar of Xom.
  1859 | D:3      | Found a sacrificial altar of Ru.
  1862 | D:3      | Found a glowing silver altar of Zin.
  2002 | D:3      | Found a sparkling altar of Nemelex Xobeh.
  2308 | D:3      | Reached XP level 5. HP: 47/47 MP: 4/4
  2553 | D:4      | Reached skill level 5 in Axes
  2560 | D:4      | Reached XP level 6. HP: 38/55 MP: 5/5
  2793 | D:4      | Reached skill level 5 in Shields
  2798 | D:4      | Reached skill level 5 in Armour
  2803 | D:4      | Reached skill level 5 in Fighting
  3335 | D:4      | Found a staircase to the Ecumenical Temple.
  3388 | Temple   | Entered the Ecumenical Temple
  3452 | Temple   | Became a worshipper of Makhleb the Destroyer
  3943 | D:5      | Entered Level 5 of the Dungeon
  4001 | D:5      | Noticed an ice beast
  4025 | D:5      | Killed an ice beast
  4025 | D:5      | Reached skill level 6 in Axes
  4025 | D:5      | Reached XP level 7. HP: 29/61 MP: 6/6
  4309 | D:5      | Reached skill level 1 in Invocations
  4366 | D:5      | Reached skill level 1 in Evocations
  4416 | D:5      | HP: 3/61 [centaur/arrow (4)]
  4430 | D:5      | Reached skill level 7 in Axes
  4430 | D:5      | Reached XP level 8. HP: 13/70 MP: 8/8
  4807 | D:5      | Reached * piety under Makhleb
  6237 | D:6      | Reached skill level 8 in Axes
  6255 | D:6      | Got a shimmering amber ring
  6384 | D:6      | Identified the ring "Nacowio" {MR+ Int+6} (You found it on
                  | level 6 of the Dungeon)
  6809 | D:7      | Found a bloodstained altar of Trog.
  6885 | D:7      | Reached ** piety under Makhleb
  7137 | D:7      | Reached XP level 9. HP: 78/78 MP: 10/10
  7665 | D:8      | Noticed an elephant
  7678 | D:8      | Reached skill level 9 in Axes
  7688 | D:8      | Killed an elephant
  7922 | D:8      | Found a staircase to the Lair.
  8140 | D:8      | Noticed an oklob plant
  8316 | D:8      | Noticed Erica
  8324 | D:8      | Killed Erica
  8324 | D:8      | Reached skill level 10 in Axes
  8324 | D:8      | Reached XP level 10. HP: 88/88 MP: 12/12
  8563 | D:8      | Reached *** piety under Makhleb
  8604 | D:8      | Got a crude lead ring
  8919 | D:8      | Found a white marble altar of Elyvilon.
  9072 | Lair:1   | Entered Level 1 of the Lair of Beasts
  9089 | Lair:1   | Identified the ring "Mougaemi" {rN+ Dex+4 SInv Stlth-} (You
                  | found it on level 8 of the Dungeon)
  9223 | Lair:1   | Reached skill level 5 in Invocations
  9342 | Lair:1   | Found a dark tunnel.
  9348 | Volcano  | Entered a volcano
  9390 | Volcano  | Reached skill level 11 in Axes
  9394 | Volcano  | Reached skill level 5 in Evocations
  9396 | Volcano  | Noticed a molten gargoyle
  9398 | Volcano  | Killed from afar by a molten gargoyle

Levels and vault maps discovered:
D:1:      lordsloth_arrival_two_stooges, layout_loops_ring,
          hangedman_decor_riveting
D:2:      layout_loops_ring, amethyst_overflow_temple_binary, minmay_distorted
D:3:      layout_basic, grunt_temple_overflow_open, nrook_campfire,
          dk_vineyard_2, eino_tiny_chamber, eino_tiny_chamber,
          nemelex_diamond_rough_becter
D:4:      layout_cave_pods, minmay_temple_entry_steel_oval, chequers_jeans
D:5:      layout_rooms, first_ration, minmay_increasing_density
D:6:      layout_basic
D:7:      layout_gridville, lemuel_crystal_altar
D:8:      layout_basic, david_lair_generic, lemuel_oklob_altar, uniq_erica
Temple:   nicolae_temple_x_marks_the_god
Lair:1:   layout_hall_layers, enter_volcano_3
Volcano:  volcano_aerie

Skill      XL: |  1  2  3  4  5  6  7  8  9 10 |
---------------+-------------------------------+-----
Axes           | 3 4 5 6 7 8 10 11 | 11.1
Fighting       | 4 5 6 7 8 |  8.6
Armour         | 4 5 6 7 8 |  8.6
Shields        | 4 5 6 7 8 |  8.7
Invocations    | 2 3 4 5 |  5.5
Evocations     | 1 3 4 5 |  5.0

Action                   |  1- 3 |  4- 6 |  7- 9 | 10-12 || total
-------------------------+-------+-------+-------+-------++-------
Melee: War axe           |    63 |   180 |   262 |    81 ||   586
       Headbutt          |     4 |    30 |    51 |    19 ||   104
Evoke: Wand              |       |       |       |     6 ||     6
  Use: Potion            |       |       |     5 |     2 ||     7
       Scroll            |       |       |       |    16 ||    16
  Eat: Chunk             |       |     9 |    11 |     3 ||    23
       Ration            |       |       |     1 |     1 ||     2
Armor: Scale mail        |    27 |    80 |    82 |     6 ||   195
       Skin              |       |       |    13 |       ||    13
       Chain mail        |       |       |       |    27 ||    27
Dodge: Dodged            |    24 |    64 |    63 |    25 ||   176
Block: Shield            |    30 |   120 |   173 |    34 ||   357
